 Dungeon Crawl Stone Soup version 0.18-a0-721-g8fc53f4 (webtiles) character file.

65 Duffy the Ruffian (level 4, -2/28 HPs)
             Began as a Tengu Fighter on Dec 8, 2015.
             Slain by an orc
             ... wielding a +0 mace
              (6 damage)
             ... on level 3 of the Dungeon.
             The game lasted 00:01:16 (1211 turns).

Duffy the Ruffian (Tengu Fighter)                   Turns: 1211, Time: 00:01:16

Health: -2/28      AC:  6    Str: 17    XL:     4   Next: 13%
Magic:  5/5        EV:  9    Int:  8    God:
Gold:   95         SH:  0    Dex: 14    Spells: 0 memorised, 3 levels left

rFire  . . .     SeeInvis .       - Unarmed
rCold  . . .     Clarity  .     a - +0 scale mail
rNeg   . . .     SustAt   .     (no shield)
rPois  .         Gourm    .     (helmet restricted)
rElec  .         Spirit   .     (no cloak)
rCorr  .         Dismiss  .     (no gloves)
rMut   .         Stasis   .     (boots unavailable)
MR     .....                    (no amulet)
Stlth  ..........               (no ring)
                                (no ring)

@: lethally poisoned (-2 -> -9), not resistant to hostile enchantments,
extremely unstealthy
A: beak, talons 3
a: no special abilities


You were on level 3 of the Dungeon.
You were hungry.

You visited 1 branch of the dungeon, and saw 3 of its levels.

You collected 95 gold pieces.


Innate Abilities, Weirdness & Mutations

You have a beak for a mouth.
You have claws for feet.


   Skills:
 - Level 3.0 Fighting
 - Level 3.2 Armour
 - Level 3.0 Shields
 + Level 4.7 Unarmed Combat


You had 3 spell levels left.
You didn't know any spells.

Inventory:

Armour
 a - a +0 scale mail (worn)
 b - a +0 shield
Scrolls
 e - 4 scrolls of identify {unknown}
 f - a scroll of enchant weapon {unknown}
 i - 3 scrolls of remove curse {unknown}
 k - a scroll of fog {unknown}
 l - a scroll of immolation {unknown}
 n - 2 scrolls of amnesia {unknown}
Potions
 c - 2 potions of might
 h - 3 potions of curing {unknown}
 j - a potion of cancellation {unknown}
 m - 3 potions of heal wounds {unknown}
Comestibles
 d - 2 bread rations
 g - 5 fruits
 o - a beef jerky

Dungeon Overview and Level Annotations

Branches:
Dungeon (3/15)

Altars:

Annotations:
D:2 Sigmund


Message History

You are too injured to fight recklessly!
You are too injured to fight recklessly!
You are too injured to fight recklessly!
You are too injured to fight recklessly!
You are too injured to fight recklessly!
You are too injured to fight recklessly!
You are too injured to fight recklessly!
You are too injured to fight recklessly!
You are too injured to fight recklessly!
You feel sick.
You feel sick.
You feel sick.
You feel sick.
You feel sick.
You feel sick.
You feel sick.
You feel sick.
You feel sick.
You feel sick.
You feel sick.
You feel sick.
You are no longer poisoned.
You closely miss the orc. Your kick misses the orc. Your peck misses the orc.
The orc barely misses you.
You hit the orc. You claw the orc, but do no damage.
You peck the orc, but do no damage.
The orc is lightly wounded.
The orc hits you but does no damage.
You are lethally poisoned!
You hit the orc. Your kick misses the orc. You peck the orc.
You kill the orc!
You feel sick.
You closely miss the orc. Your kick misses the orc.
You feel sick. The orc hits you but does no damage.
The orc hits you with a mace.
You die...

## #.#.#######...##....##.####
.######.................[.......(
.#.........#####.#o.########.....
.#.........# ###.#.o########.....
.#.........# #...#..#............
.#.........# #.###.>.............
.#.........# #.######.......#####
##.........# #.#.oo.........###
########'## #.#@##...[.......#
#.####.#.##.##.####...#
#........##.##.# #...#
########..###.####....# #...#
#.........#<...######## #...#
#...........#......#### #...#
#.........#.##.###....# #...#
#.........#.##.###....# #...#
#.........#....#......# #####


You could see 2 orcs.

Action                   |  1- 3 |  4- 6 || total
-------------------------+-------+-------++-------
Melee: Unarmed           |    58 |    11 ||    69

Notes
Turn   | Place    | Note
--------------------------------------------------------------
     0 | D:1      | Duffy the Tengu Fighter began the quest for the Orb.
     0 | D:1      | Reached XP level 1. HP: 14/14 MP: 2/2
   205 | D:1      | Reached skill level 3 in Unarmed Combat
   205 | D:1      | Reached XP level 2. HP: 19/19 MP: 3/3
   746 | D:2      | Noticed Sigmund
   843 | D:3      | Reached XP level 3. HP: 14/23 MP: 4/4
   980 | D:3      | Reached skill level 4 in Unarmed Combat
   981 | D:3      | Reached XP level 4. HP: 25/28 MP: 5/5
  1211 | D:3      | Slain by an orc

Vault maps used:
D:1:      dpeg_arrival_three_smaller_balls
D:2:      uniq_sigmund
D:3:      minivault_25, uniq_robin

Vanquished Creatures
  An orc priest
  An ooze
  A giant gecko
  8 orcs
  2 giant cockroaches
  3 goblins
  A bat
  3 giant newts
  5 kobolds
25 creatures vanquished.
